 Dungeon Sprint DCSS version 0.19-a0-1922-g1e9a4c1 (webtiles) character file.

426 LORDOFBUTT the Unseen (level 6, -11/30 HPs)
             Began as a Spriggan Assassin on Oct 24, 2016.
             Was an Initiate of Gozag.
             Mangled by a vampire (15 damage)
             ... in the Dungeon (Sprint IX: "|||||||||||||||||||||||||||||").
             The game lasted 00:02:13 (555 turns).

LORDOFBUTT the Unseen (Spriggan Assassin)            Turns: 555, Time: 00:02:13

Health: -11/30     AC:  3    Str: 12    XL:     6   Next: 64%
Magic:  7/7        EV: 29    Int: 13    God:    Gozag
Gold:   0          SH:  0    Dex: 17    Spells: 0 memorised, 5 levels left

rFire  . . .     SeeInvis +     r - +2 rapier (drain)
rCold  . . .     Gourm    .     c - +0 robe
rNeg   . . .     Faith    .     (shield restricted)
rPois  .         Spirit   .     (helmet restricted)
rElec  .         Reflect  .     t - +0 cloak
rCorr  .         Harm     .     (gloves unavailable)
MR     +....     NoTele   +     (boots unavailable)
Stlth  +++++++...               (no amulet)
                                s - +3 ring of strength
                                a - +2 ring of evasion

@: very quick
A: unfitting armour, see invisible, herbivore 3, speed 3, slow metabolism 2
a: Potion Petition, Call Merchant, Bribe Branch, Renounce Religion


You were in the Dungeon.
You worshipped Gozag.
Gozag was noncommittal.
You were not hungry.

You visited 1 branch

Inventory:

Hand Weapons
 b - a +0 blowgun
 r - a +2 rapier of draining (weapon)
Armour
 c - a +0 robe (worn)
 t - a +0 cloak (worn)
Jewellery
 a - a +2 ring of evasion (left hand)
 s - a +3 ring of strength (right hand)
Wands
 q - a wand of acid (7/15)
Scrolls
 m - 2 scrolls of blinking
 o - 3 scrolls of remove curse
 p - 2 scrolls of amnesia
Potions
 h - 5 potions of curing
 i - 3 potions of heal wounds
 j - a potion of haste
 k - 4 potions of magic
 l - a potion of berserk rage
 n - a potion of invisibility
Comestibles
 g - a bread ration


   Skills:
 - Level 1.5 Fighting
 - Level 2.1 Short Blades
 - Level 2.0 Throwing
 + Level 11.7 Dodging
 * Level 17.4 Stealth


You had 5 spell levels left.
You didn't know any spells.

Dungeon Overview and Level Annotations

Branches:
Dungeon (1/1)

Altars:
Cheibriados
Dithmenos
Elyvilon
Fedhas
Gozag
Hepliaklqana
Kikubaaqudgha
Makhleb
Nemelex Xobeh
Okawaru
Qazlal
Ru
Sif Muna
Trog
Uskayaw
Vehumet
Xom
Yredelemnul
Zin
The Shining One
Beogh
Jiyva
Lugonu


Innate Abilities, Weirdness & Mutations

You are very small and have problems with some larger weapons.
You are too small for most types of armour.
You have supernaturally acute eyesight. (SInv)
You are a herbivore.
You cover ground extremely quickly.
You need consume almost no food.


Message History

You hit the vampire.
The vampire is lightly damaged.
The vampire completely misses you. The vampire misses you.
You barely miss the vampire.
The vampire is lightly damaged.
The vampire completely misses you. x2
You barely miss the vampire.
The vampire is lightly damaged.
The vampire misses you. The vampire completely misses you.
You hit the vampire.
The vampire is moderately damaged.
The vampire closely misses you. The vampire bites you!
* * * LOW HITPOINT WARNING * * *
The vampire draws strength from your injuries!
You barely miss the vampire.
The vampire is moderately damaged.
The vampire completely misses you. The vampire bites you!
Ouch! That really hurt!
You die...
Your body crumbles into a pile of gold. ▓▓▓▓▓▓▓▓▓▓▓▓▓▓▓▓▓▓▓▓▓▓▓▓▓▓▓▓▓▓▓▓▓ _______________V@)..)'...))'...<▓ ▓▓▓▓▓▓▓▓▓▓▓▓▓▓▓▓▓▓▓▓▓▓▓▓▓▓▓▓▓▓▓▓▓ $$$$ $$$$$$$$$$$$$

You could see a vampire (invisible).

Vanquished Creatures
  An orc warrior (D)
  A necrophage (D)
  A centaur (D)
  A bullfrog (D)
  A gnoll sergeant (D)
  A crimson imp (D)
  A shadow imp (D)
  A worm (D)
  An orc (D)
  3 goblins (D)
  A ball python (D)
  A kobold (D)
  A quokka skeleton (D)
15 creatures vanquished.

Notes
Turn   | Place    | Note
-------+----------+-------------------------------------------
     0 | D        | LORDOFBUTT the Spriggan Assassin began the quest for the Orb.
     0 | D        | Reached XP level 1. HP: 10/10 MP: 2/2
     5 | D        | Reached skill level 6 in Stealth
    12 | D        | Reached skill level 7 in Stealth
    73 | D        | Noticed a centaur
    75 | D        | Killed a centaur
    75 | D        | Reached skill level 11 in Stealth
    75 | D        | Reached XP level 2. HP: 14/14 MP: 3/3
    75 | D        | Reached XP level 3. HP: 18/18 MP: 4/4
    75 | D        | Reached XP level 4. HP: 22/22 MP: 5/5
    79 | D        | Reached skill level 12 in Stealth
   354 | D        | Found a roughly hewn altar of Beogh.
   354 | D        | Found a snail-covered altar of Cheibriados.
   354 | D        | Found a shadowy altar of Dithmenos.
   354 | D        | Found a white marble altar of Elyvilon.
   354 | D        | Found a blossoming altar of Fedhas.
   354 | D        | Found an opulent altar of Gozag.
   355 | D        | Found a hazy altar of Hepliaklqana.
   356 | D        | Found a viscous altar of Jiyva.
   357 | D        | Found an ancient bone altar of Kikubaaqudgha.
   358 | D        | Found a corrupted altar of Lugonu.
   359 | D        | Found a burning altar of Makhleb.
   360 | D        | Found a sparkling altar of Nemelex Xobeh.
   361 | D        | Found an iron altar of Okawaru.
   362 | D        | Became a worshipper of Gozag Ym Sagoz the Greedy
   363 | D        | Found a stormy altar of Qazlal.
   364 | D        | Found a sacrificial altar of Ru.
   365 | D        | Found a deep blue altar of Sif Muna.
   366 | D        | Found a bloodstained altar of Trog.
   367 | D        | Found a hide-covered altar of Uskayaw.
   368 | D        | Found a radiant altar of Vehumet.
   369 | D        | Found a shimmering altar of Xom.
   370 | D        | Found a basalt altar of Yredelemnul.
   371 | D        | Found a glowing silver altar of Zin.
   372 | D        | Found a glowing golden altar of the Shining One.
   422 | D        | Noticed a vampire
   422 | D        | Noticed a gnoll sergeant
   422 | D        | Noticed a bullfrog
   422 | D        | Noticed a necrophage
   422 | D        | Noticed an orc warrior
   464 | D        | Killed an orc warrior
   464 | D        | Reached skill level 14 in Stealth
   464 | D        | Reached XP level 5. HP: 25/25 MP: 6/6
   490 | D        | Killed a necrophage
   490 | D        | Reached skill level 10 in Dodging
   490 | D        | Reached skill level 16 in Stealth
   490 | D        | Reached XP level 6. HP: 29/30 MP: 7/7
   519 | D        | Reached skill level 17 in Stealth
   555 | D        | Mangled by a vampire

Vault maps used:
D:        linesprint

Skill      XL: |  1  2  3  4  5  6 |
---------------+-------------------+-----
Dodging        | 6 9 10 11 | 11.7
Stealth        | 11 14 16 17 | 17.4
Fighting       | |  1.5
Short Blades   | |  2.1
Throwing       | |  2.0

Action                   |  1- 3 |  4- 6 || total
-------------------------+-------+-------++-------
Melee: Dagger            |    16 |    13 ||    29
       Rapier            |       |    50 ||    50
 Fire: Blowgun           |       |    13 ||    13
 Stab: Sleeping          |     1 |     3 ||     4
Armor: Robe              |       |     3 ||     3
Dodge: Dodged            |    12 |    61 ||    73
